 Dungeon Crawl Stone Soup version 0.26-a0-682-g294304f6e8 (webtiles) character file.

Game seed: 7127913461786002637

36543 Kinoniko the Fighter (level 13, -12/125 HPs)
             Began as a Yellow Draconian Berserker on Oct 20, 2020.
             Was a High Priest of Trog.
             Mangled by a cane toad (20 damage)
             ... on level 6 of the Lair of Beasts.
             The game lasted 00:31:00 (17153 turns).

Kinoniko the Fighter (Yellow Draconian Berserker)  Turns: 17153, Time: 00:31:00

Health: -12/125    AC: 15    Str: 21    XL:     13   Next: 53%
Magic:  13/13      EV: 22    Int:  7    God:    Trog [*****.]
Gold:   1035       SH:  0    Dex: 15    Spells: 12/12 levels left

rFire    . . .     SeeInvis +   f - +4 glaive (flame)
rCold    . . .     Faith    .   (shield currently unavailable)
rNeg     . . .     Spirit   .   (armour unavailable)
rPois    .         Reflect  .   (helmet restricted)
rElec    .         Harm     .   y - +2 cloak
rCorr    +         Rampage  .   k - +1 pair of gloves
MR       ++...                  j - +1 pair of boots
Stlth    ++........             p - amulet of regeneration
HPRegen  1.70/turn              v - ring of see invisible
MPRegen  0.13/turn              J - +4 ring of evasion

@: lethally poisoned (-12 -> -13), marked, berserk cooldown, regenerating
(expiring), slowed, very slow
A: spit acid, unfitting armour, cold-blooded, acid resistance, AC +8
a: Breathe Acid, Berserk, Trog's Hand, Brothers in Arms, Renounce Religion


You were on level 6 of the Lair of Beasts.
You worshipped Trog.
Trog was extremely pleased with you.
You visited 2 branches of the dungeon, and saw 17 of its levels.
You also visited: Ossuary.

You collected 1117 gold pieces.
You spent 82 gold pieces at shops.

Inventory:

Hand Weapons
 a - a +2 spear
 f - a +4 glaive of flaming (weapon)
Armour
 j - a +1 pair of boots (worn)
 k - a +1 pair of gloves (worn)
 y - a +2 cloak (worn)
 z - a +5 kite shield
Jewellery
 o - an uncursed ring of ice
 p - an amulet of regeneration (around neck)
 v - a ring of see invisible (left hand)
 D - an uncursed ring of ice
 E - an uncursed amulet of reflection
 H - an uncursed ring of magical power
 J - a +4 ring of evasion (right hand)
 N - an uncursed ring of flight
 O - an uncursed ring of resist corrosion {unknown}
 P - a +6 ring of intelligence {unknown}
Wands
 q - a wand of polymorph (7)
 r - a wand of iceblast (6)
 F - a wand of digging (3)
 G - a wand of paralysis (2)
 I - a wand of random effects (20)
Scrolls
 b - 2 scrolls of teleportation
 c - 3 scrolls of fog
 e - a scroll of identify
 h - 5 scrolls of amnesia
 s - a scroll of enchant armour
 t - a scroll of random uselessness
 u - 6 scrolls of remove curse
 L - a scroll of silence
 M - 2 scrolls of enchant weapon
Potions
 d - 4 potions of ambrosia
 g - 2 potions of berserk rage
 i - 2 potions of cancellation
 l - 3 potions of magic
 m - 3 potions of mutation
 n - a potion of brilliance
 w - 2 potions of lignification
 x - 2 potions of resistance
 B - a potion of flight
 K - a potion of stabbing


   Skills:
 * Level 14.8 Fighting
 + Level 13.9 Polearms
 + Level 8.7 Dodging
 - Level 2.7 Stealth
 - Level 9.1 Shields


You had 12 spell levels left.
You didn't know any spells.
Your spell library contained the following spells:

 Spells                   Type           Power        Failure   Level
 Freeze                   Ice            #...         43%         1
 Frozen Ramparts          Ice            #.....       80%         3
 Ozocubu's Armour         Ice            #.......     80%         3
 Hailstorm                Conj/Ice       #.......     99%         4
 Summon Ice Beast         Ice/Summ       #.......     99%         4
 Bolt of Magma            Conj/Fire/Erth #.........   100%        5
 Iskenderun's Battlesphe  Conj           #.......     100%        5
 Iron Shot                Conj/Erth      #.........   100%        6
 Orb of Destruction       Conj           #.........   100%        7
 Spellforged Servitor     Conj/Summ      #.........   100%        7


Dungeon Overview and Level Annotations

Branches:
Dungeon (11/15)            Temple (0/1) D:5            Lair (5/6) D:9
 Shoals (0/4) Lair:4       Spider (0/4) Lair:3          Orc (0/2) D:11
Ossuary (visited)
  Slime: Lair:5-6

Altars:
Cheibriados
Dithmenos
Elyvilon
Fedhas
Gozag
Hepliaklqana
Kikubaaqudgha
Makhleb
Okawaru
Qazlal
Ru
Uskayaw
Wu Jian
Zin

Shops:
D:6 ?

Annotations:
Lair:2 exclusion: oklob plant
Lair:3 3 runed translucent doors, Ycrepumn's ghost, journeyman MiFi


Innate Abilities, Weirdness & Mutations

You can spit globs of acid.
Your golden yellow scales are hard. (AC +8)
You cannot fit into any form of body armour.
You are cold-blooded and may be slowed by cold attacks.
You are resistant to acid. (rCorr)


Message History

You feel as though you will be slow longer.
You feel sick. The water moccasin bites you!
* * * LOW HITPOINT WARNING * * *
The black mamba barely misses you. The cane toad misses you.
A wind drake comes into view.
You are overwhelmed by glittering dream dust!
You feel drowsy...
You fall asleep.
A polar bear comes into view.
The water moccasin barely misses you. The black mamba closely misses you.
The cane toad misses you. The yak gores you!!
You wake up.
* * * LOW HITPOINT WARNING * * *
Okay, then.
You barely miss the black mamba.
The black mamba is almost dead.
You feel the effects of Trog's Hand fading.
You feel very sick. The black mamba misses you. The water moccasin misses you.
A six-headed hydra comes into view.
The cane toad stings you!!
You die... ####### #@FYyl# .....YSSYSymDlh .....YYYYBSlYk. ......YYYwYYYSD

.......kYYYYll.
.........l.yF..
.............k.
...#..##.PP....


You could see a merfolk avatar, a catoblepas, a boulder beetle, a six-headed
hydra, a five-headed hydra, a wind drake (repels missiles), a torpor snail, a
polar bear, 5 komodo dragons, a black mamba, 10 yaks, 2 cane toads, 2 rime
drakes, 3 hornets, 4 water moccasins, a wyvern and 7 dream sheep.

Vanquished Creatures
  Kirke (Lair:4)
  3 hydras
  2 two-headed ogres
  A queen ant (Lair:3)
  A death yak (Lair:4)
  Nergalle (Lair:3)
  Pikel (D:8)
  5 elephants (Lair:4)
  7 black mambas
  Psyche (D:8)
  2 torpor snails
  6 cane toads
  3 rime drakes
  12 komodo dragons
  A freezing wraith (D:11)
  A troll (D:10)
  A hornet (Lair:6)
  3 polar bears
  3 blink frogs (Lair:4)
  Prince Ribbit (D:8)
  A shadow (D:9)
  A redback (Lair:3)
  6 wyverns
  31 yaks
  3 basilisks
  3 hogs (Lair:4)
  A steam dragon (D:9)
  6 soldier ants (Lair:3)
  18 water moccasins
  5 orc warriors
  5 ice beasts
  A phantom (D:5)
  A sky beast (D:7)
  2 black bears
  An eye of draining (D:9)
  19 wolves
  4 ogres
  5 centaurs
  A big kobold (D:10)
  16 bullfrogs
  A scorpion (D:5)
  9 killer bees
  A howler monkey (D:3)
  A bullfrog zombie (D:8)
  A bullfrog skeleton (D:6)
  2 jellies
  4 hounds
  A centaur skeleton (D:8)
  6 orc priests
  Terence (D:2)
  4 iguanas
  29 worker ants
  Natasha (thrice) (D:2)
  7 orc wizards
  A hell rat (Lair:2)
  8 mummies (Ossuary)
  2 worker ant zombies
  8 gnolls
  A howler monkey skeleton (D:4)
  Robin (D:2)
  16 adders
  2 shadow imps
  2 white imps
  4 ufetubi
  An ooze (D:4)
  An adder zombie (D:4)
  An adder skeleton (D:4)
  3 worms
  3 dart slugs
  6 leopard geckos
  25 orcs
  5 giant cockroaches
  A gnoll zombie (Ossuary)
  9 hobgoblins
  4 jackals (D:7)
  4 quokkas
  3 ball pythons
  10 bats
  11 frilled lizards
  14 goblins
  3 hobgoblin zombies (Ossuary)
  10 kobolds
  A leopard gecko skeleton (D:4)
  4 orc zombies (Ossuary)
  A quokka zombie (D:5)
  3 rats (D:1)
424 creatures vanquished.

Vanquished Creatures (collateral kills)
  A hydra (Lair:1)
  A troll (D:9)
  An ogre (D:9)
  An orc wizard (D:7)
  3 orcs (D:7)
7 creatures vanquished.

Vanquished Creatures (others)
  A human (Lair:4)
  31 fungi
  41 plants
73 creatures vanquished.

Grand Total: 504 creatures vanquished

Notes
Turn   | Place    | Note
-------+----------+-------------------------------------------
     0 | D:1      | Kinoniko the Draconian Berserker began the quest for the
                  | Orb.
     0 | D:1      | Reached XP level 1. HP: 19/19 MP: 1/1
   368 | D:1      | Reached XP level 2. HP: 21/26 MP: 2/2
   784 | D:2      | Noticed a centaur
   798 | D:2      | HP: 2/40 [centaur (4)]
   799 | D:2      | Killed a centaur
   799 | D:2      | Reached skill level 4 in Fighting
   799 | D:2      | Reached XP level 3. HP: 3/33 MP: 3/3
   799 | D:2      | Reached XP level 4. HP: 4/40 MP: 4/4
  1199 | D:2      | Reached ** piety under Trog
  1324 | D:2      | Noticed Robin
  1333 | D:2      | Reached skill level 1 in Stealth
  1338 | D:2      | Killed Robin
  1479 | D:2      | Reached XP level 5. HP: 47/47 MP: 5/5
  1582 | D:2      | Noticed Terence
  1588 | D:2      | Noticed Natasha
  1604 | D:2      | Killed Natasha
  1629 | D:2      | Killed Terence
  1644 | D:2      | Noticed Natasha
  1841 | D:2      | Killed Natasha
  2278 | D:2      | Noticed Natasha
  2288 | D:2      | Killed Natasha
  2440 | D:3      | Reached XP level 6. HP: 45/53 MP: 6/6
  2445 | D:3      | Reached skill level 5 in Polearms
  3166 | D:3      | Found an opulent altar of Gozag.
  3358 | D:3      | Reached *** piety under Trog
  3517 | D:3      | Found a white marble altar of Elyvilon.
  3633 | D:4      | Reached skill level 5 in Fighting
  3775 | D:4      | Found a sand-covered staircase.
  3795 | Ossuary  | Entered an ossuary
  3831 | Ossuary  | Your scales start taking on a golden yellow colour.
  3831 | Ossuary  | Reached XP level 7. HP: 33/61 MP: 7/7
  3831 | Ossuary  | Gained mutation: You are resistant to acid. (rCorr) [Yellow
                  | Draconian growth]
  4716 | D:4      | Found a hazy altar of Hepliaklqana.
  5149 | D:5      | Entered Level 5 of the Dungeon
  5178 | D:5      | Reached **** piety under Trog
  5435 | D:5      | Found a staircase to the Ecumenical Temple.
  5577 | D:5      | Reached XP level 8. HP: 70/70 MP: 8/8
  5727 | D:5      | Found a blossoming altar of Fedhas.
  5961 | D:5      | Reached skill level 1 in Shields
  6229 | D:6      | Found Puwuiw's Magic Scroll Shop.
  6237 | D:6      | Bought a scroll of enchant armour for 82 gold pieces
  6332 | D:6      | Found an ancient bone altar of Kikubaaqudgha.
  6781 | D:6      | Reached skill level 6 in Fighting
  6868 | D:6      | Found a glowing silver altar of Zin.
  7135 | D:7      | You fall into a shaft and drop 3 floors!
  7135 | D:10     | Entered Level 10 of the Dungeon
  7244 | D:10     | Noticed a troll
  7276 | D:10     | Killed a troll
  7440 | D:9      | Noticed a komodo dragon
  7472 | D:9      | Noticed a troll
  7483 | D:9      | Killed a troll
  7486 | D:9      | Reached XP level 9. HP: 50/78 MP: 9/9
  7487 | D:9      | Reached skill level 7 in Fighting
  7747 | D:8      | Noticed Prince Ribbit
  7764 | D:8      | Killed Prince Ribbit
  7776 | D:8      | Noticed Pikel
  8248 | D:7      | Found a burning altar of Makhleb.
  8249 | D:7      | Found an ornate altar of the Wu Jian Council.
  8259 | D:7      | Found a hide-covered altar of Uskayaw.
  8330 | D:7      | Reached skill level 8 in Fighting
  8330 | D:7      | Reached skill level 10 in Polearms
  8330 | D:7      | Reached skill level 5 in Shields
  8726 | D:8      | Killed Pikel
  8726 | D:8      | Reached XP level 10. HP: 89/89 MP: 10/10
  8965 | D:8      | Noticed Psyche
  8973 | D:8      | Killed Psyche
  9306 | D:9      | Reached ***** piety under Trog
  9397 | D:9      | Found an iron altar of Okawaru.
  9416 | D:9      | Noticed a two-headed ogre
  9420 | D:9      | Reached skill level 9 in Fighting
  9431 | D:9      | Killed a two-headed ogre
  9731 | D:9      | Found a staircase to the Lair.
  9960 | D:9      | Found a shadowy altar of Dithmenos.
  9962 | D:9      | Found a sacrificial altar of Ru.
 10208 | D:9      | Found a snail-covered altar of Cheibriados.
 10490 | D:10     | Reached XP level 11. HP: 99/99 MP: 11/11
 10992 | D:11     | Noticed a two-headed ogre
 11002 | D:11     | Killed a two-headed ogre
 11002 | D:11     | Reached skill level 10 in Fighting
 11068 | D:11     | Reached skill level 5 in Dodging
 11208 | D:11     | Noticed a death knight
 11208 | D:11     | Noticed a skeletal warrior
 11213 | D:11     | Found a staircase to the Orcish Mines.
 11214 | D:11     | Noticed an orc sorcerer
 11217 | D:11     | Noticed a purple ugly thing
 11267 | D:11     | Found a stormy altar of Qazlal.
 11433 | Lair:1   | Entered Level 1 of the Lair of Beasts
 11974 | Lair:1   | Reached skill level 11 in Fighting
 12780 | Lair:2   | Noticed a five-headed hydra
 12857 | Lair:1   | Killed a five-headed hydra
 12966 | Lair:2   | Reached XP level 12. HP: 111/111 MP: 12/12
 13188 | Lair:2   | Reached skill level 12 in Fighting
 14081 | Lair:2   | Noticed a four-headed hydra
 14118 | Lair:2   | Killed a four-headed hydra
 14549 | Lair:3   | Noticed Nergalle
 14668 | Lair:3   | Killed Nergalle
 14668 | Lair:3   | Reached skill level 13 in Fighting
 14781 | Lair:3   | Noticed a queen ant
 14782 | Lair:3   | Received a gift from Trog
 14810 | Lair:3   | Killed a queen ant
 15163 | Lair:3   | Found a runed translucent gate.
 15163 | Lair:3   | Found a runed translucent gate.
 15163 | Lair:3   | Found a runed translucent gate.
 15164 | Lair:3   | Noticed a 13-headed hydra
 15165 | Lair:3   | Noticed a ten-headed hydra
 15166 | Lair:3   | Noticed Ycrepumn's ghost (journeyman MiFi)
 15269 | Lair:3   | Found a hole to the Spider Nest.
 15745 | Lair:4   | Noticed a death yak
 15756 | Lair:4   | Killed a death yak
 15756 | Lair:4   | Reached XP level 13. HP: 93/123 MP: 13/13
 15861 | Lair:4   | Found a staircase to the Shoals.
 16117 | Lair:4   | Noticed Kirke
 16127 | Lair:4   | Killed Kirke
 16127 | Lair:4   | Reached skill level 14 in Fighting
 16560 | Lair:4   | HP: 8/187 [cane toad (2)]
 16561 | Lair:4   | HP: 3/187 [cane toad (6)]
 16566 | Lair:4   | HP: 3/187 [poisoned by a cane toad]
 16571 | Lair:4   | HP: 2/125 [poisoned by a cane toad]
 16577 | Lair:4   | HP: 3/125 [poisoned by a cane toad]
 16583 | Lair:4   | HP: 5/125 [poisoned by a cane toad]
 17121 | Lair:5   | You fall into a shaft and drop 1 floor!
 17121 | Lair:6   | Entered Level 6 of the Lair of Beasts
 17153 | Lair:6   | Mangled by a cane toad

Illustrated notes

Levels and vault maps discovered:
D:1:      dpeg_arrival_three_same_balls, layout_basic, serial_aquarium,
          aquarium_bridge_long_separate [aquarium_subvault_window,
          aquarium_subvault_bridge, aquarium_subvault_wall,
          aquarium_subvault_bridge, aquarium_subvault_window,
          aquarium_subvault_bridge], aquarium_window_fake, aquarium_window_2,
          aquarium_window_2, aquarium_view_2e, aquarium_view_2b,
          aquarium_balcony_3b
D:2:      layout_loops_corners, uniq_robin, uniq_natasha, uniq_terence
D:3:      layout_rooms, lemuel_round_altar, marbit_many_paths, hex_intersection
D:4:      layout_basic, lemuel_doored_altar,
          nicolae_ossuary_entry_false_entrances, hangedman_decor_points,
          chequers_serial_rivers_large_a
D:5:      layout_loops_cross, nicolae_overflow_hidden_temple,
          minmay_temple_entry_statues_pillars, minmay_fractal_squares_diagonal_5
D:6:      layout_layer_cave, zin_statuary, kennysheep_mini, serial_shops, shop
D:7:      layout_basic, gammafunk_temple_overflow_statue, lemuel_crystal_altar
D:8:      layout_rooms, uniq_psyche, uniq_pikel, uniq_prince_ribbit1
D:9:      layout_rooms, lemuel_crystal_altar, okawaru_trees_2,
          chequers_temple_overflow_statue_of_worship, erik_lair_dragon,
          hangedman_abyss_or_decor_stagger
D:10:     layout_loops_ring
D:11:     layout_long_grid, zombieorc2_lemuel, nicolae_qazlal_style_of_elements
Lair:1:   layout_cave_pods
Lair:2:   layout_chaotic_city, st_stairs_8, beast_lair_carwin_6,
          infiniplex_staircase_pool, grunt_megastairs_1,
          minmay_lair_oklob_chamber
Lair:3:   layout_chaotic_city, spider_nest_entry_webs,
          gammafunk_ghost_hydra_chop, zaba_antful_of_joy, grunt_megastairs_2,
          uniq_nergalle
Lair:4:   layout_cellular_growth, shoals_dummy_entry, uniq_kirke
Lair:5:   layout_gridlike, slime_altar_1, uniq_sonja
Lair:6:   gammafunk_lair_ancient_temple, layout_big_grid, uniq_snorg

Skill      XL: |  1  2  3  4  5  6  7  8  9 10 11 12 13 |
---------------+----------------------------------------+-----
Fighting       | 4 5 6 8 9 11 13 14 | 14.8
Polearms       | 4 5 6 8 10 12 13 | 13.9
Dodging        | 3 4 6 7 8 |  8.7
Stealth        | 1 2 |  2.7
Shields        | 3 5 7 8 9 |  9.1

Action                   |  1- 3 |  4- 6 |  7- 9 | 10-12 | 13-15 || total
-------------------------+-------+-------+-------+-------+-------++-------
Melee: Spear             |    66 |   286 |   528 |  1114 |       ||  1994
       Tailslap          |     5 |    30 |    65 |   220 |    14 ||   334
       Glaive            |       |       |       |    78 |   160 ||   238
Invok: Berserk           |     1 |     7 |    14 |    36 |     6 ||    64
       Trog's Hand       |       |       |     3 |     2 |     2 ||     7
       Brothers in Arms  |       |       |     2 |     2 |       ||     4
 Abil: Breathe Acid      |       |       |     2 |       |       ||     2
Evoke: Wand              |       |       |       |     1 |       ||     1
  Use: Potion            |       |     1 |     1 |     6 |     9 ||    17
       Scroll            |       |    11 |    15 |    19 |     4 ||    49
 Stab: Sleeping          |     2 |     4 |     5 |     8 |     2 ||    21
       Distracted        |       |       |       |     3 |       ||     3
Armor: Skin              |    15 |    59 |    97 |   139 |   104 ||   414
Dodge: Dodged            |    35 |   152 |   202 |   384 |   296 ||  1069
Block: Kite shield       |       |       |   108 |   554 |       ||   662

Table legend: (Time is in decaauts)
 A = Elapsed time spent in this place.
 B = Non-inter-level travel time spent in this place.
 C = Inter-level travel time spent in this place.
 D = Time resting spent in this place.
 E = Time spent auto-exploring this place.
 F = Levels seen in this place.
 G = Mean time per level.
                   A        B        C        D        E       F      G
               +--------+--------+--------+--------+--------+-----+--------+
         Total |  17031 |  16598 |    433 |   4922 |   8453 |  18 |  946.2 |
       Dungeon |  11093 |  10709 |    384 |   2996 |   5728 |  11 | 1008.5 |
          Lair |   5545 |   5497 |     48 |   1731 |   2627 |   6 |  924.2 |
       Ossuary |    393 |    393 |      0 |    194 |     97 |   1 |  393.0 |
               +--------+--------+--------+--------+--------+-----+--------+

Top non-repeatable levels by time:
     D:2: 2084 daAuts
  Lair:4: 1475 daAuts
  Lair:2: 1426 daAuts
  Lair:1: 1364 daAuts
     D:9: 1347 daAuts
  Lair:3: 1226 daAuts
     D:4: 1206 daAuts
    D:10: 1034 daAuts
     D:6: 1000 daAuts
     D:5: 977 daAuts
     D:7: 941 daAuts
     D:1: 780 daAuts
     D:3: 723 daAuts
     D:8: 692 daAuts
 Ossuary: 393 daAuts
